FOV Hackers Saying "EZ", Irony

Match 37110348
End
Construct Infanterie Kompanie
MG 42 Machine Gun Team
Selects Luftwaffe Battlegroup
Selects Luftwaffe Pioneer Support
Fallschirmpioneer Squad Paradrop
Fallschirmpioneer Squad Paradrop
Selects Stuka Strafing Run
Selects Stuka Strafing Run
Stuka Strafing Run
MG 42 Machine Gun Team
Construct Panzergrenadier Kompanie
Medical Station
Selects Fallschirmjäger Squad Paradrop
Pak 40 Anti-tank Gun Team
Fallschirmjäger Squad Paradrop
Stuka Strafing Run
Construct Panzer Kompanie
Stoßtruppen Squad
Stuka Strafing Run
Stoßtruppen Squad
Panzer Officer Quarters
Stuka Strafing Run
AI Takeover
Grom
MoriMusic
(♡◕ω◕♡)
JarryHead
NaDa
一杆大长枪
0
0

Comments sign in to comment!

Elite_1650 6 months ago

Never understand why cheaters talk so much trash, but are also clearly cheating

MoriMusic [U] 6 months ago

It's blatantly obvious when you watch the replay with Free Camera off from their perspective. Having a way zoomed out view and looking into fog of war at directly where our units were. Not even hiding it